 Dungeon Crawl Stone Soup version 0.30-b1-2-g02819fbbbe (webtiles) character file.

Game seed: 7705944886330843550

279 raph the Grave Robber (level 6, 0/34 HPs)
             Began as a Deep Elf Necromancer on June 15, 2023.
             Slain by a phantom (7 damage)
             ... on level 4 of the Dungeon.
             The game lasted 00:07:30 (4254 turns).

raph the Grave Robber (Deep Elf Necromancer)        Turns: 4254, Time: 00:07:31

Health: 0/34       AC:  4    Str:  5    XL:     6   Next: 5%
Magic:  13/13      EV: 13    Int: 22    God:
Gold:   187        SH:  0    Dex: 15    Spells: 1/12 levels left

rFire   . . .        u - +3 short sword
rCold   . . .        (no shield)
rNeg    . . .        a - +0 robe
rPois   .            d - +0 helmet
rElec   .            (no cloak)
rCorr   .            g - +0 pair of gloves
SInv    .            (no boots)
Will    .....        (no amulet)
Stlth   ++           (no ring)
HPRegen 0.25/turn    (no ring)
MPRegen 0.13/turn

%: no passive effects
@: no status effects
A: no striking features
a: no special abilities


You were on level 4 of the Dungeon.
You visited 1 branch of the dungeon, and saw 4 of its levels.
You also visited: Sewer.

You collected 187 gold pieces.

Inventory:

Hand Weapons
 c - a +1 short sword
 o - a +0 triple crossbow
 u - a +3 short sword (weapon)
Missiles
 f - 9 poisoned darts
 h - 6 silver javelins
 t - 6 javelins
Armour
 a - a +0 robe (worn)
 d - a +0 helmet (worn)
 g - a +0 pair of gloves (worn)
Wands
 v - a wand of polymorph (6)
Scrolls
 q - a scroll of amnesia
 s - a scroll of fog {unknown}
Potions
 b - 3 potions of magic
 e - 2 potions of curing
 i - a potion of berserk rage {unknown}
 j - a potion of heal wounds
 k - a potion of flight
 l - a potion of might {unknown}
 m - a potion of haste {unknown}
 n - a potion of resistance {unknown}
 p - a potion of ambrosia {unknown}
 r - a potion of invisibility {unknown}
 w - a potion of attraction {unknown}


   Skills:
 + Level 1.3 Fighting
 + Level 3.2 Dodging
 - Level 2.4 Stealth
 + Level 3.9 Spellcasting
 + Level 1.5 Conjurations
 + Level 2.3 Hexes
 * Level 7.1 Necromancy


You had one spell level left.
You knew the following spells:

 Your Spells              Type           Power      Damage    Failure   Level
a - Necrotise             Necr           100%       1d9       1%          1
b - Vampiric Draining     Necr           35%        2d8       1%          3
c - Dazzling Flash        Conj/Hex       24%        N/A       16%         3
d - Animate Dead          Necr           35%        N/A       6%          4

Your spell library contained the following spells:

 Spells                   Type           Power      Damage    Failure   Level
 Agony                    Necr           35%        N/A       17%         5
 Volatile Blastmotes      Fire/Tloc      8%         2d10      34%         3
 Iskenderun's Mystic Bla  Conj/Tloc      7%         2d4       63%         4
 Starburst                Conj/Fire      3%         6d3       100%        6


Dungeon Overview and Level Annotations

Branches:
Dungeon (4/15)              Sewer (visited)
 Temple: D:4-7

Altars:
Cheibriados
Qazlal
Trog


Message History

You hit the phantom.
The phantom is heavily damaged.
The phantom misses you.
You closely miss the phantom.
The phantom is heavily damaged.
The phantom closely misses you. What are your orders? t - Shout!
Orders for allies: a - Attack new target. p - Attack previous target. r - Retreat! s - Stop attacking. g - Guard the area. f - Follow me.
Anything else - Cancel.
Gang up on whom?
Press: ? - help, Dir - move target, f/p - phantom
Aim: a phantom (heavily damaged, ally target) Attack!
The phantom barely misses you.
You barely miss the phantom.
The phantom is heavily damaged.
The phantom completely misses you.
Your orc zombie hits the phantom but does no damage.
You closely miss the phantom.
The phantom is heavily damaged.
Your orc zombie hits the phantom but does no damage.
The phantom hits you but does no damage.
Your orc zombie hits the phantom but does no damage.
You barely miss the phantom.
The phantom is heavily damaged.
The phantom hits you.
* * * LOW HITPOINT WARNING * * *
Your orc zombie hits the phantom but does no damage.
Your orc zombie closely misses the phantom.
You barely miss the phantom.
The phantom is heavily damaged.
The phantom hits you.
* * * LOW HITPOINT WARNING * * *
The phantom blinks!
You blink.
You barely miss the phantom.
The phantom is heavily damaged.
The phantom hits you!
You die...

............... #....#.......#
................ #....#.......#
................ #....#.......#
............. #....'.....(.#
..##.Z.##################.......#
..##.Z.#...ยง.Z............#######
.......#.....Z............#....#
.......#.....Z....^.......#....#
.......'........@.).......'....#
########........W.........######
.........###############+###...#
.........#.................#...##
.........#.................#....#
.........#.................#.....
.........#.......................
.........#..........<........_...
.........#......###..##.###._8_.#


You could see a phantom (ally target) and 3 friendly orc zombies.

Vanquished Creatures
  A water moccasin (Sewer)
  An orc priest (D:4)
  5 adders
  5 worms
  A dart slug (D:4)
  5 orcs
  4 bats
  7 endoplasms
  5 giant cockroaches
  7 goblins
  A hobgoblin (D:1)
  5 jackals
  6 kobolds
  A quokka (D:1)
  5 ball pythons
  4 frilled lizards
  6 rats
69 creatures vanquished.

Vanquished Creatures (collateral kills)
  2 orcs (D:4)
  An endoplasm (D:1)
  A frilled lizard (D:3)
4 creatures vanquished.

Vanquished Creatures (others)
  A ball python zombie (D:4)
1 creature vanquished.

Grand Total: 74 creatures vanquished

Notes
Turn   | Place    | Note
-------+----------+-------------------------------------------
     0 | D:1      | raph the Deep Elf Necromancer began the quest for the Orb.
     0 | D:1      | Reached XP level 1. HP: 10/10 MP: 6/6
   106 | D:1      | Reached skill level 5 in Necromancy
   494 | D:1      | Reached XP level 2. HP: 15/15 MP: 6/8
  1101 | D:2      | Found a snail-covered altar of Cheibriados.
  1274 | D:2      | Reached skill level 6 in Necromancy
  1286 | D:2      | Reached XP level 3. HP: 19/19 MP: 0/9
  1290 | D:2      | Learned a level 3 spell: Vampiric Draining
  2072 | D:3      | Learned a level 3 spell: Dazzling Flash
  2101 | D:3      | Found a glowing drain.
  2105 | D:3      | Reached XP level 4. HP: 24/24 MP: 7/10
  2126 | Sewer    | Entered a sewer
  2217 | Sewer    | Noticed a water moccasin
  2228 | Sewer    | Killed a water moccasin
  2229 | Sewer    | Reached skill level 1 in Fighting
  2229 | Sewer    | Reached skill level 1 in Conjurations
  2229 | Sewer    | Reached skill level 1 in Hexes
  2229 | Sewer    | Reached XP level 5. HP: 4/29 MP: 0/12
  2642 | D:3      | Learned a level 4 spell: Animate Dead
  3236 | D:3      | Reached skill level 7 in Necromancy
  3665 | D:4      | Found a snail-covered altar of Cheibriados.
  3666 | D:4      | Found a stormy altar of Qazlal.
  3667 | D:4      | Found a bloodstained altar of Trog.
  3850 | D:4      | Reached XP level 6. HP: 18/34 MP: 0/13
  4254 | D:4      | Slain by a phantom

Illustrated notes

Levels and vault maps discovered:
D:1:      dpeg_arrival_rooms_a, layout_basic
D:2:      layout_basic, basic_altar, minivault_27, minmay_splitting_lines
D:3:      layout_loops_corners, portal_sewer_entry_d, minmay_circle_x
D:4:      layout_gridville, chequers_temple_overflow_statue_of_worship,
          st_stairs_10

Skill      XL: |  1  2  3  4  5 |
---------------+----------------+-----
Necromancy     | 5 6 7 |  7.1
Fighting       | 1 |  1.3
Dodging        | 3 |  3.2
Conjurations   | 1 |  1.5
Hexes          | 1 2 |  2.3
Stealth        | |  2.4
Spellcasting   | |  3.9

Action                     |  1- 3 |  4- 6 || total
---------------------------+-------+-------++-------
  Melee: Short sword       |       |    43 ||    43
  Throw: Javelin           |       |     1 ||     1
   Cast: Necrotise         |    60 |    53 ||   113
         Vampiric Draining |     1 |    12 ||    13
         Animate Dead      |       |     1 ||     1
    Use: Scroll            |     2 |     6 ||     8
         Potion            |       |     1 ||     1
 Armour: Robe              |     4 |    18 ||    22
  Dodge: Dodged            |     4 |    31 ||    35
